 Dungeon Crawl Stone Soup version 0.26-a0-597-gb535b0901c (webtiles) character file.

Game seed: 18011979531272528961

469 Apogee the Ruffian (level 6, 0/61 HPs)
             Began as a Troll Fighter on Sept 12, 2020.
             Was an Initiate of Yredelemnul.
             Slain by Grinder (6 damage)
             ... on level 5 of the Dungeon.
             The game lasted 00:03:56 (2635 turns).

Apogee the Ruffian (Troll Fighter)                  Turns: 2635, Time: 00:03:56

Health: 0/61       AC:  6    Str: 25    XL:     6   Next: 82%
Magic:  5/5        EV:  9    Int:  6    God:    Yredelemnul [......]
Gold:   286        SH:  9    Dex:  9    Spells: 5/5 levels left

rFire    . . .     SeeInvis .     - Unarmed
rCold    . . .     Faith    .   b - +0 kite shield
rNeg     . . .     Spirit   .   a - +0 robe
rPois    .         Reflect  .   (helmet restricted)
rElec    .         Harm     .   (no cloak)
rCorr    .                      (gloves unavailable)
MR       .....                  (boots unavailable)
Stlth    +.........             (no amulet)
HPRegen  0.60/turn              (no ring)
MPRegen  0.09/turn              (no ring)

@: mighty
A: large, unfitting armour, claws 3, regeneration 1, shaggy fur 1, tough skin 3
a: Renounce Religion


You were on level 5 of the Dungeon.
You worshipped Yredelemnul.
Yredelemnul was noncommittal.
You visited 1 branch of the dungeon, and saw 5 of its levels.

You collected 286 gold pieces.

Inventory:

Missiles
 n - 103 stones (quivered)
Armour
 a - a +0 robe (worn)
 b - a +0 kite shield (worn)
Jewellery
 e - an uncursed ring of positive energy {unknown}
   (You found it on level 1 of the Dungeon)
 k - an uncursed amulet of reflection {unknown}
   (You found it on level 2 of the Dungeon)
 m - a cursed ring of teleportation {unknown}
   (You found it on level 3 of the Dungeon)
 p - an uncursed amulet of faith {unknown}
   (You found it on level 3 of the Dungeon)
 s - a +4 ring of evasion {unknown}
   (You found it on level 3 of the Dungeon)
 u - an uncursed ring of ice {unknown}
   (You found it on level 4 of the Dungeon)
 y - an uncursed ring of stealth {unknown}
   (You found it on level 4 of the Dungeon)
Wands
 c - a wand of disintegration (9)
   (You found it on level 3 of the Dungeon)
 d - a wand of iceblast (8)
   (You took it off Ijyb on level 3 of the Dungeon)
 v - a wand of digging (5)
   (You found it on level 3 of the Dungeon)
Scrolls
 f - a scroll of magic mapping {unknown}
 g - 4 scrolls of teleportation {unknown}
 h - a scroll of blinking {unknown}
 i - 6 scrolls of identify {unknown}
 j - 4 scrolls of remove curse {unknown}
 r - a scroll of amnesia {unknown}
 x - 2 scrolls of enchant armour {unknown}
 A - a scroll of enchant weapon {unknown}
Potions
 l - a potion of degeneration {unknown}
 o - a potion of berserk rage {unknown}
 q - 2 potions of might
 t - a potion of heal wounds {unknown}
 w - a potion of stabbing {unknown}
 z - a potion of brilliance {unknown}


   Skills:
 + Level 3.5 Fighting
 + Level 3.5 Dodging
 + Level 3.5 Shields
 * Level 4.9 Unarmed Combat


You had 5 spell levels left.
You didn't know any spells.
Your spell library was empty.

Dungeon Overview and Level Annotations

Branches:
Dungeon (5/15)
 Temple: D:4-7

Altars:
Makhleb
Vehumet
Wu Jian
Yredelemnul

Annotations:
D:4 2 transporters, Ge0ff's ghost, amateur KoWn
D:5 Grinder


Innate Abilities, Weirdness & Mutations

You are too large for most types of armour.
You have claws for hands.
Your natural rate of healing is unusually fast.
You are covered in fur. (AC +1)
You have extremely tough skin. (AC +3)


Message History

An ogre comes into view. It is wielding a +0 giant spiked club.
The phantom blinks!
The shadow imp gestures at you. Pain shoots through your body!
Grinder gestures at you.
You barely resist. You barely miss Grinder. The shadow imp gestures at you.
Pain shoots through your body! Grinder closely misses you.
You claw Grinder!
The shadow imp hits you but does no damage.
Grinder hits you.
* * * LOW HITPOINT WARNING * * *
You claw Grinder! The shadow imp closely misses you. Grinder gestures at you.
You suddenly lose the ability to move!
The shadow imp hits you.
* * * LOW HITPOINT WARNING * * *
Grinder gestures at you.
You barely resist.
You can move again.
The phantom hits you but does no damage.
Grinder hits you but does no damage.
Unknown command.
Grinder zaps a wand.
Some rock shatters into small pieces.
You claw the phantom! You block the phantom's attack.
You closely miss the phantom. The phantom hits you!
* * * LOW HITPOINT WARNING * * *
You barely miss the phantom.
The phantom blinks!
Grinder zaps a wand.
Some rock shatters into small pieces.
You feel very mighty all of a sudden. The shadow imp gestures at you.
Pain shoots through your body!
* * * LOW HITPOINT WARNING * * *
You claw the shadow imp!
You kill the shadow imp!
Yredelemnul accepts your kill.
You mangle the ogre!! The ogre barely misses you. Grinder hits you!
* * * LOW HITPOINT WARNING * * *
You writhe in agony.
* * * LOW HITPOINT WARNING * * *
You claw the ogre!
You kill the ogre!
Yredelemnul accepts your kill. Grinder says, "Are you a fish?"
Grinder hits you.
You die...
Your body rises from the dead as a mindless zombie.

#........# #.†......#
##### ............#
#...# #
...<........###...#
##.#
.....#............##..#
.......########...#..#
......## ##.....#
_[.... #.....# .....#
#######.#@.#
#.......)5##
#......W...
#......##### .......
....... #...... #......
.......


You could see Grinder and a phantom.

Vanquished Creatures
  A black bear (D:4)
  An ogre (D:5)
  A howler monkey (D:4)
  A hound (D:5)
  Ijyb (D:3)
  2 iguanas (D:4)
  6 adders
  A shadow imp (D:5)
  3 ufetubi
  2 worms (D:2)
  A dart slug (D:2)
  6 leopard geckos
  2 bats
  3 giant cockroaches (D:3)
  10 goblins
  10 hobgoblins
  2 kobolds
  3 quokkas
  2 frilled lizards (D:1)
  A quokka skeleton (D:5)
  4 rats
63 creatures vanquished.

Vanquished Creatures (others)
  An ooze (D:2)
  A hobgoblin (D:2)
2 creatures vanquished.

Grand Total: 65 creatures vanquished

Notes
Turn   | Place    | Note
-------+----------+-------------------------------------------
     0 | D:1      | Apogee the Troll Fighter began the quest for the Orb.
     0 | D:1      | Reached XP level 1. HP: 22/22 MP: 0/0
     9 | D:1      | Noticed an ogre
   247 | D:1      | Reached XP level 2. HP: 29/29 MP: 1/1
   761 | D:2      | Found a radiant altar of Vehumet.
   821 | D:2      | Reached XP level 3. HP: 33/36 MP: 2/2
  1128 | D:2      | Reached skill level 3 in Unarmed Combat
  1252 | D:2      | Found a basalt altar of Yredelemnul.
  1383 | D:2      | Became a worshipper of Yredelemnul the Dark
  1419 | D:3      | Reached XP level 4. HP: 43/44 MP: 3/3
  1545 | D:3      | Noticed Ijyb
  1558 | D:3      | Killed Ijyb
  1607 | D:3      | Found a burning altar of Makhleb.
  2082 | D:4      | Found a transporter.
  2082 | D:4      | Noticed an ogre
  2085 | D:4      | Noticed Ge0ff's ghost (amateur KoWn)
  2121 | D:4      | Reached XP level 5. HP: 53/53 MP: 4/4
  2242 | D:4      | Found an ornate altar of the Wu Jian Council.
  2263 | D:4      | Noticed a black bear
  2273 | D:4      | Killed a black bear
  2273 | D:4      | Reached skill level 4 in Unarmed Combat
  2273 | D:4      | Reached XP level 6. HP: 49/61 MP: 5/5
  2474 | D:4      | Found a transporter.
  2534 | D:5      | Entered Level 5 of the Dungeon
  2589 | D:5      | Found a radiant altar of Vehumet.
  2611 | D:5      | Noticed Grinder
  2625 | D:5      | Paralysed by Grinder for 2 turns
  2635 | D:5      | Slain by Grinder

Illustrated notes

Levels and vault maps discovered:
D:1:      evilmike_arrival_come_back, layout_basic, serial_bayou_crossing
D:2:      minmay_evil_eye, layout_basic, fiery_altar_vehumet,
          lemuel_doored_altar
D:3:      cheibrodos_old_hovel, layout_loops_ring, bloody_makhleb, uniq_ijyb
D:4:      layout_rooms, kennysheep_mini_moat, gammafunk_ghost_smash,
          minmay_misc_feat_alley
D:5:      lemuel_ratsnest, layout_rooms, nemelex_xobeh_ov_fountains_minmay,
          lemuel_crystal_altar, minmay_temple_entry_overgrown, basic_altar,
          uniq_grinder

Skill      XL: |  1  2  3  4  5 |
---------------+----------------+-----
Unarmed Combat | 3 4 |  4.9
Dodging        | 3 |  3.5
Fighting       | 3 |  3.5
Shields        | 3 |  3.5

Action                   |  1- 3 |  4- 6 || total
-------------------------+-------+-------++-------
Melee: Unarmed           |   102 |   118 ||   220
  Use: Potion            |       |     1 ||     1
 Stab: Sleeping          |       |     1 ||     1
Armor: Robe              |    19 |    38 ||    57
Dodge: Dodged            |    27 |    38 ||    65
Block: Kite shield       |    37 |    47 ||    84

Table legend: (Time is in decaauts)
 A = Elapsed time spent in this place.
 B = Non-inter-level travel time spent in this place.
 C = Inter-level travel time spent in this place.
 D = Time resting spent in this place.
 E = Time spent auto-exploring this place.
 F = Levels seen in this place.
 G = Mean time per level.
                   A        B        C        D        E       F      G
               +--------+--------+--------+--------+--------+-----+--------+
         Total |   2641 |   2530 |    111 |      0 |   2037 |   5 |  528.2 |
       Dungeon |   2641 |   2530 |    111 |      0 |   2037 |   5 |  528.2 |
               +--------+--------+--------+--------+--------+-----+--------+

Top non-repeatable levels by time:
     D:1: 766 daAuts
     D:3: 669 daAuts
     D:2: 651 daAuts
     D:4: 454 daAuts
     D:5: 100 daAuts
